 Dungeon Crawl Stone Soup version 0.23-a0-619-g281719c (webtiles) character file.

7340 Firecrotchwizard the Slicer (level 11, -13/60 HPs)
             Began as a Vine Stalker Assassin on Dec 23, 2018.
             Was a Believer of Uskayaw.
             Mangled by a large abomination (21 damage)
             ... on level 1 of the Abyss.
             The game lasted 00:28:21 (9726 turns).

Firecrotchwizard the Slicer (Vine Stalker Assassin) Turns: 9726, Time: 00:28:21

Health: -13/60     AC: 16    Str: 20    XL:     11   Next: 13%
Magic:  0/18       EV: 11    Int: 11    God:    Uskayaw [**....]
Gold:   550        SH:  0    Dex: 22    Spells: 10/10 levels left

rFire    + . .     SeeInvis .   a - +2 dagger
rCold    . . .     Gourm    .   (no shield)
rNeg     . . .     Faith    .   C - +3 ring mail of Starshine {rF+ Str+2 Dex+5}
rPois    +         Spirit   +   A - +2 helmet
rElec    .         Reflect  .   y - +2 cloak
rCorr    .         Harm     .   c - +0 pair of gloves
MR       +....                  t - +0 pair of boots
Stlth    +++.......             F - amulet of magic regeneration
HPRegen  0.60/turn              p - ring of poison resistance {rPois, !d}
MPRegen  0.41/turn              K - +2 ring of dexterity

@: hasted, very quick
A: fangs 3, regeneration 1, magic shield, antimagic bite, no potion heal 3, rot
immunity
a: Stomp, Line Pass, Renounce Religion


You were on level 1 of the Abyss.
You worshipped Uskayaw.
Uskayaw was aware of your devotion.
You were very hungry.

You visited 2 branches of the dungeon, and saw 11 of its levels.
You visited the Abyss 1 time.

You collected 550 gold pieces.

Inventory:

Hand Weapons
 a - a +2 dagger (weapon)
 b - a +0 blowgun
 w - a +0 dagger of venom
   (You took it off a big kobold on level 6 of the Dungeon)
 x - a +2 dagger of protection
   (You took it off an orc wizard on level 6 of the Dungeon)
 B - the +2 quarterstaff "Xeoptoq" {freeze, rPois rC- Str+8}
   (You found it on level 4 of the Dungeon)

   It has been specially enchanted to freeze those struck by it, causing extra
   injury to most foes and up to half again as much damage against particularly
   susceptible opponents.
   It can also slow down cold-blooded creatures.
   It affects your strength (+8).
   It makes you vulnerable to cold.
   It protects you from poison.
Missiles
 e - 12 poisoned needles
 I - 7 needles of frenzy
Armour
 c - a +0 pair of gloves (worn)
   (You found it on level 4 of the Dungeon)
 t - a +0 pair of boots (worn)
   (You found it on level 9 of the Dungeon)
 y - a +2 cloak (worn)
   (You found it on level 3 of the Dungeon)
 A - a +2 helmet (worn)
   (You took it off Robin on level 4 of the Dungeon)
 C - the +3 ring mail of Starshine (worn) {rF+ Str+2 Dex+5}
   (You took it off a kobold on level 6 of the Dungeon)

   It affects your strength (+2).
   It affects your dexterity (+5).
   It protects you from fire.
Jewellery
 d - an uncursed ring of resist corrosion {unknown}
   (You found it on level 1 of the Abyss)
 p - a ring of poison resistance (left hand) {rPois, !d}
   (You found it on level 1 of the Dungeon)
 u - an uncursed ring of ice {rC+, rF-}
   (You found it on level 2 of the Dungeon)
 F - an amulet of magic regeneration (around neck)
   (You found it on level 5 of the Dungeon)
 K - a +2 ring of dexterity (right hand)
   (You found it on level 1 of the Lair of Beasts)
Wands
 D - a wand of paralysis (6)
   (You found it on level 5 of the Dungeon)
Scrolls
 f - a scroll of enchant armour
 h - 6 scrolls of identify
 j - 4 scrolls of magic mapping {!r}
 l - 6 scrolls of amnesia
 o - a scroll of random uselessness
 q - a scroll of fog
Potions
 i - a potion of cancellation {unknown}
 m - 4 potions of brilliance
 n - a potion of mutation {unknown}
 r - 2 potions of haste
 s - 3 potions of curing
 v - a potion of lignification {unknown}
 z - a potion of might {unknown}
 E - a potion of ambrosia {unknown}
 J - a potion of flight {unknown}
Comestibles
 g - 18 rations


   Skills:
 + Level 8.7 Fighting
 - Level 10.0 Short Blades
 - Level 1.7 Throwing
 - Level 0.7 Dodging
 - Level 5.9 Stealth
 + Level 8.8 Invocations


You had 10 spell levels left.
You didn't know any spells.
Your spell library contained the following spells:

 Spells                   Type           Power        Failure   Level  Hunger
 Animate Skeleton         Necr           N/A          52%         1    ##.....
 Apportation              Tloc           #.....       52%         1    ##.....
 Confusing Touch          Hex            #.....       52%         1    ##.....
 Flame Tongue             Conj/Fire      #....        52%         1    ##.....
 Freeze                   Ice            #...         52%         1    ##.....
 Summon Small Mammal      Summ           #...         52%         1    ##.....
 Call Imp                 Summ           #.......     67%         2    ###....
 Throw Flame              Conj/Fire      #.....       67%         2    ###....
 Throw Frost              Conj/Ice       #.....       67%         2    ###....
 Call Canine Familiar     Summ           #.......     88%         3    ####...
 Conjure Flame            Conj/Fire      #.......     88%         3    ####...
 Inner Flame              Hex/Fire       #.......     88%         3    ####...
 Ozocubu's Armour         Chrm/Ice       #.......     88%         3    ####...
 Summon Guardian Golem    Hex/Summ       #.......     88%         3    ####...
 Sticky Flame             Conj/Fire      #.......     99%         4    #####..
 Summon Ice Beast         Ice/Summ       #.......     99%         4    #####..
 Summon Lightning Spire   Summ/Air       #.......     99%         4    #####..
 Throw Icicle             Conj/Ice       #.......     99%         4    #####..
 Fireball                 Conj/Fire      #.........   100%        5    ######.


Dungeon Overview and Level Annotations

Branches:
Dungeon (10/15)            Temple (0/1) D:6            Lair (1/6) D:8
    Orc: D:9-12

Altars:
Cheibriados
Makhleb
Nemelex Xobeh
Qazlal
Ru
Sif Muna
Trog
Uskayaw
Vehumet
Wu Jian
Yredelemnul
Zin
The Shining One

Annotations:
D:3 exclusion: door
D:5 Menkaure
D:9 exclusion: hydra
Lair:1 Sonja


Innate Abilities, Weirdness & Mutations

You have razor-sharp teeth.
Your natural rate of healing is unusually fast.
When hurt, damage is shared between your health and your magic reserves.
Your bite disrupts and absorbs the magic of your enemies.
Potions cannot restore your health.
You are immune to rotting.


Message History

Uskayaw will no longer force your foes to helplessly watch your dance.
A raiju comes into view.
You can no longer pass through a line of other dancers.
You see here a glowing trident.
You enter the shallow water.
Moving in this stuff is going to be slow.
Why would you want to do that?
A large abomination comes into view.
The large abomination moves out of view.
An earth elemental comes into view.
A small abomination comes into view.
A large abomination comes into view.
Your extra speed is starting to run out.
A hellwing comes into view.
A large abomination comes into view.
You feel yourself slow down.
MP restored: 18 The large abomination hits you but does no damage.
You see here a scroll of enchant armour.
f - a scroll of enchant armour The large abomination hits you!
You take 9 damage, and have 19/60 hp.
You now have 13/18 mp.
You see here 30 gold pieces.
A tentacled starspawn comes into view.
Tentacles burst from the starspawn's body! 2 starspawn tentacles come into view.
The starspawn tentacle grabs you. The starspawn tentacle constricts you.
The starspawn tentacle's grasp on you weakens, but your attempt to escape The large abomination hits you but does no damage.
The starspawn tentacle loses its grip on you.
The tentacle pulls you backwards! The starspawn tentacle grabs you.
The starspawn tentacle constricts you.
A starspawn tentacle segment comes into view.
You escape the starspawn tentacle's grasp.
A yellow draconian comes into view. It is wielding a +0 hand axe.
Unknown command.
Tentacles burst from the starspawn's body! 2 starspawn tentacles come into view.
The large abomination barely misses you.
The starspawn tentacle closely misses you.
MP restored: 18 The starspawn tentacle grabs you.
The starspawn tentacle constricts you.
You escape the starspawn tentacle's grasp.
A starcursed mass comes into view.
The large abomination barely misses you.
A starcursed mass splits.
Okay, then.
Okay, then.
You feel yourself speed up.
A starcursed mass splits.
You hit the starcursed mass. You bite the starcursed mass. You drain its power.
The starcursed mass shudders and withdraws towards its neighbour.
A chorus of shrieks assaults your mind.
You take 3 damage, and have 28/60 hp.
You now have 17/18 mp.
You hit the starcursed mass but do no damage.
You bite the starcursed mass, but do no damage.
The starcursed mass closely misses you.
A starcursed mass splits.
You hit the starcursed mass but do no damage.
You bite the starcursed mass. You drain its power.
You feel invigorated.
The starcursed mass shudders and is absorbed by its neighbour.
The large abomination barely misses you.
MP restored: 18 A starcursed mass splits.
A chorus of shrieks assaults your mind.
The starcursed mass engulfs you but does no damage.
You take 6 damage, and have 23/60 hp.
You now have 14/18 mp.
You hit the starcursed mass.
You bite the starcursed mass, but do no damage.
The starcursed mass shudders and withdraws towards its neighbour.
Unknown command.
You hit the starcursed mass but do no damage.
You bite the starcursed mass, but do no damage.
You hit the starcursed mass but do no damage.
You bite the starcursed mass, but do no damage.
You hit the starcursed mass but do no damage.
You bite the starcursed mass, but do no damage.
You hit the starcursed mass but do no damage.
You bite the starcursed mass. You drain its power.
You feel invigorated.
The starcursed mass shudders and is absorbed by its neighbour.
A starcursed mass splits.
The starcursed mass closely misses you.
You can now pass through a line of other dancers.
MP restored: 18 You hit the starcursed mass.
You bite the starcursed mass. You drain its power.
The starcursed mass shudders and is absorbed by its neighbour.
The starcursed mass closely misses you.
A starcursed mass splits.
A chorus of shrieks assaults your mind. The large abomination hits you!!
* * * LOW HITPOINT WARNING * * *
You take 17 damage, and have 8/60 hp.
MASSIVE DAMAGE!!
You now have 5/18 mp.
Unknown command.
You hit the starcursed mass. You bite the starcursed mass. You drain its power.
You feel invigorated.
The starcursed mass shudders and is absorbed by its neighbour.
Tentacles burst from the starspawn's body!
The large abomination hits you!!
You die... ########### #.XX@XXXwX#

. #.##X####w#
## #.#....# .#
#.#.#.#######X#
.## ...
.......─. .....
..─.##..Λ/..##
.... . ##..
w..# . . .
..§§. d..X..X .
. .. z ..... ..
.... .....


You could see 3 starcursed masses, a tentacled starspawn, 3 large abominations
and 2 starspawn tentacles.

Vanquished Creatures
  A thrashing horror (Abyss:1)
  An unseen horror (D:9)
  A komodo dragon (D:8)
  A troll (D:9)
  Grinder (D:4)
  4 hogs (D:8)
  6 yaks (Lair:1)
  A human (D:8)
  A water moccasin (Lair:1)
  A sky beast (D:9)
  2 orc warriors
  7 ogres
  An eye of draining (D:10)
  A phantom (D:9)
  4 centaurs
  A crocodile (D:10)
  3 big kobolds
  4 bullfrogs
  A gnoll sergeant (D:9)
  A water moccasin zombie (D:6)
  A scorpion (D:7)
  An electric eel (D:6)
  6 howler monkeys
  2 bullfrog zombies (D:7)
  3 crimson imps
  A quasit (D:4)
  5 hounds
  A jelly (D:7)
  9 orc priests
  A bullfrog skeleton (D:5)
  9 orc wizards
  A centaur skeleton (D:9)
  3 iguanas (D:7)
  3 worker ants
  A hound zombie (D:7)
  2 hound skeletons
  Robin (D:4)
  A worker ant zombie (D:6)
  14 adders
  12 gnolls
  4 shadow imps
  An adder zombie (D:5)
  6 worms
  5 dart slugs
  3 leopard geckos
  17 orcs
  5 bats
  18 goblins
  20 hobgoblins
  6 jackals
  22 kobolds
  A quokka (D:6)
  7 frilled lizards
  2 jackal skeletons
  A leopard gecko zombie (D:6)
  A quokka skeleton (D:5)
  11 rats
250 creatures vanquished.

Vanquished Creatures (others)
  2 plants (D:8)
  4 starspawn tentacles (Abyss:1)
6 creatures vanquished.

Grand Total: 256 creatures vanquished

Notes
Turn   | Place    | Note
-------+----------+-------------------------------------------
     0 | D:1      | Firecrotchwizard the Vine Stalker Assassin began the quest
                  | for the Orb.
     0 | D:1      | Reached XP level 1. HP: 11/11 MP: 2/2
    29 | D:1      | Reached skill level 2 in Short Blades
   105 | D:1      | Reached skill level 5 in Stealth
   105 | D:1      | Reached XP level 2. HP: 12/15 MP: 1/3
   209 | D:1      | Reached skill level 2 in Fighting
   370 | D:1      | Reached XP level 3. HP: 18/18 MP: 4/4
   813 | D:1      | Reached skill level 3 in Short Blades
   813 | D:1      | Gained mutation: Your natural rate of healing is unusually
                  | fast. [Vine Stalker growth]
   813 | D:1      | Reached XP level 4. HP: 13/23 MP: 3/5
  1440 | D:3      | Found a bloodstained altar of Trog.
  1441 | D:3      | Found a faded altar of an unknown god.
  1446 | D:3      | Reached XP level 5. HP: 27/27 MP: 6/6
  1474 | D:3      | Found a snail-covered altar of Cheibriados.
  1817 | D:3      | Found a deep blue altar of Sif Muna.
  2018 | D:3      | Found a sparkling altar of Nemelex Xobeh.
  2018 | D:3      | Found a sacrificial altar of Ru.
  2024 | D:3      | Found a glowing golden altar of the Shining One.
  2026 | D:3      | Found a hide-covered altar of Uskayaw.
  2028 | D:3      | Found a burning altar of Makhleb.
  2032 | D:3      | Became a worshipper of Uskayaw the Reveler
  2144 | D:4      | Reached * piety under Uskayaw
  2172 | D:4      | Reached skill level 3 in Fighting
  2172 | D:4      | Reached ** piety under Uskayaw
  2176 | D:4      | Reached *** piety under Uskayaw
  2177 | D:4      | Reached skill level 4 in Short Blades
  2177 | D:4      | Reached XP level 6. HP: 30/32 MP: 2/7
  2179 | D:4      | Reached skill level 1 in Invocations
  2179 | D:4      | Reached **** piety under Uskayaw
  2237 | D:4      | Got a translucent quarterstaff
  2238 | D:4      | Identified the cursed +2 quarterstaff "Xeoptoq" {freeze,
                  | rPois rC- Str+8} (You found it on level 4 of the Dungeon)
  2554 | D:4      | Noticed Grinder
  2568 | D:4      | Killed Grinder
  2568 | D:4      | Reached skill level 2 in Invocations
  2568 | D:4      | Reached XP level 7. HP: 22/36 MP: 1/9
  2786 | D:4      | Noticed Robin
  2844 | D:4      | Reached skill level 5 in Short Blades
  3018 | D:4      | Killed Robin
  3456 | D:5      | Entered Level 5 of the Dungeon
  3459 | D:5      | Noticed Menkaure
  3631 | D:4      | Reached skill level 4 in Fighting
  3734 | D:5      | HP: 9/37 [orc priest (2)]
  3735 | D:5      | Reached skill level 3 in Invocations
  3737 | D:5      | Gained mutation: You have razor-sharp teeth. [Vine Stalker
                  | growth]
  3737 | D:5      | Reached XP level 8. HP: 11/42 MP: 2/11
  3738 | D:5      | Reached ***** piety under Uskayaw
  3941 | D:5      | Reached skill level 6 in Short Blades
  4913 | D:6      | Reached skill level 4 in Invocations
  4969 | D:6      | Reached skill level 5 in Fighting
  4988 | D:6      | Reached skill level 7 in Short Blades
  4995 | D:6      | Identified the +3 ring mail of Starshine {rF+ Str+2 Dex+5}
  5030 | D:6      | Reached XP level 9. HP: 12/47 MP: 11/13
  5145 | D:6      | Found a staircase to the Ecumenical Temple.
  5235 | D:6      | Reached skill level 5 in Invocations
  5529 | D:6      | Found an ornate altar of the Wu Jian Council.
  5840 | D:7      | Reached skill level 8 in Short Blades
  5846 | D:7      | Reached ****** piety under Uskayaw
  6058 | D:7      | Found a basalt altar of Yredelemnul.
  6282 | D:8      | Reached skill level 6 in Fighting
  6644 | D:8      | Found a radiant altar of Vehumet.
  6771 | D:8      | Reached skill level 6 in Invocations
  6778 | D:8      | Reached skill level 9 in Short Blades
  6778 | D:8      | Reached XP level 10. HP: 50/53 MP: 13/15
  6835 | D:8      | Found a stormy altar of Qazlal.
  7010 | D:8      | Found a staircase to the Lair.
  7402 | D:9      | Noticed a four-headed hydra
  7634 | D:9      | Found a glowing silver altar of Zin.
  7730 | D:9      | Reached skill level 7 in Fighting
  7877 | D:9      | Found an ornate altar of the Wu Jian Council.
  7935 | D:9      | Reached skill level 10 in Short Blades
  7998 | D:9      | Reached skill level 7 in Invocations
  8449 | D:9      | Killed an unseen horror
  8630 | D:10     | Entered Level 10 of the Dungeon
  8656 | D:10     | Noticed a two-headed ogre
  8784 | Lair:1   | Entered Level 1 of the Lair of Beasts
  9111 | Lair:1   | Reached skill level 8 in Fighting
  9111 | Lair:1   | Reached skill level 8 in Invocations
  9119 | Lair:1   | Reached XP level 11. HP: 28/60 MP: 14/18
  9411 | Lair:1   | Noticed Sonja
  9461 | Lair:1   | Cast into level 1 of the Abyss (Sonja)
  9461 | Abyss:1  | Found a corrupted altar of Lugonu.
  9491 | Abyss:1  | Found a corrupted altar of Lugonu.
  9539 | Abyss:1  | Noticed a spatial maelstrom
  9590 | Abyss:1  | Noticed a thrashing horror
  9624 | Abyss:1  | Noticed a bone dragon
  9624 | Abyss:1  | HP: 14/60 [thrashing horror (2)]
  9628 | Abyss:1  | Killed a thrashing horror
  9632 | Abyss:1  | HP: 5/60 [bone dragon (7)]
  9632 | Abyss:1  | HP: 1/60 [bone dragon (4)]
  9680 | Abyss:1  | Noticed a large abomination
  9694 | Abyss:1  | Noticed a tentacled starspawn
  9698 | Abyss:1  | Noticed a yellow draconian
  9706 | Abyss:1  | Noticed a starcursed mass
  9724 | Abyss:1  | HP: 8/60 [large abomination (11)]
  9726 | Abyss:1  | Mangled by a large abomination

Vault maps used:
D:1:      lemuel_arrival_lava_pool
D:3:      led_sif_book, nicolae_overflow_crystal_walls,
          chequers_temple_overflow_minitemple, cheibriados_altar_1,
          chequers_ecumenical_altar_simple
D:4:      first_ration, uniq_robin, uniq_grinder
D:5:      uniq_menkaure
D:6:      kennysheep_housing_project, kennysheep_little_box,
          minmay_temple_entry_mini_moons, minivault_14
D:7:      overflow_temple_1_default
D:8:      nicolae_overflow_hidden_temple, david_lair_shrubbed, grunt_livestock
D:9:      wad_arrow_thing, zin_academy, basic_altar
D:10:     david_orc_3
Lair:1:   grunt_megastairs_2, uniq_sonja

Skill      XL: |  1  2  3  4  5  6  7  8  9 10 |
---------------+-------------------------------+-----
Short Blades   | 2 3 4 5 7 9 10 | 10.0
Stealth        | 5 |  5.9
Fighting       | 2 3 4 5 6 8 |  8.7
Invocations    | 2 3 4 6 8 |  8.8
Throwing       | |  1.7
Dodging        | |  0.7

Action                   |  1- 3 |  4- 6 |  7- 9 | 10-12 || total
-------------------------+-------+-------+-------+-------++-------
Melee: Dagger            |    53 |   205 |   488 |   278 ||  1024
       Bite              |    15 |    55 |   154 |   131 ||   355
       Quarterstaff      |       |     2 |       |       ||     2
 Fire: Blowgun           |     3 |       |     3 |     4 ||    10
Invok: Stomp             |       |     1 |       |       ||     1
       Line Pass         |       |     1 |       |     1 ||     2
Evoke: Wand              |       |       |       |     1 ||     1
  Use: Scroll            |       |     5 |     7 |     5 ||    17
       Potion            |       |       |     1 |     2 ||     3
 Stab: Sleeping          |     7 |     8 |     3 |    10 ||    28
       Distracted        |     1 |       |       |       ||     1
       Paralysed         |       |     1 |    21 |    11 ||    33
       Confused          |       |     1 |       |     1 ||     2
  Eat: Chunk             |       |     6 |     9 |     9 ||    24
       Ration            |       |       |     1 |       ||     1
Armor: Ring mail         |     7 |    74 |   212 |   132 ||   425
Dodge: Dodged            |    18 |   106 |   256 |    83 ||   463

Table legend:
 A = Non-vault XP
 B = Vault XP
 C = Vault XP percentage of total XP
 D = Non-vault monster count
 E = Vault monster count
 F = Vault count percentage of total count
                 A         B        C        D         E       F
            +---------+---------+-------+---------+---------+-------
      Total |    6527 |    3960 |  37.8 |     196 |      54 |  21.6
            +---------+---------+-------+---------+---------+-------
        D:1 |      83 |       0 |   0.0 |      27 |       0 |   0.0
        D:2 |      80 |       0 |   0.0 |      27 |       0 |   0.0
        D:3 |      78 |       0 |   0.0 |      21 |       0 |   0.0
        D:4 |     404 |     315 |  43.8 |      18 |      13 |  41.9
        D:5 |     413 |       0 |   0.0 |      16 |       0 |   0.0
        D:6 |     425 |     974 |  69.6 |      16 |      30 |  65.2
        D:7 |     694 |       0 |   0.0 |      14 |       0 |   0.0
        D:8 |     613 |    1374 |  69.1 |      13 |       6 |  31.6
        D:9 |    1113 |    1297 |  53.8 |      31 |       5 |  13.9
       D:10 |     332 |       0 |   0.0 |       4 |       0 |   0.0
     Lair:1 |    1435 |       0 |   0.0 |       8 |       0 |   0.0
    Abyss:1 |     857 |       0 |   0.0 |       1 |       0 |   0.0
            +---------+---------+-------+---------+---------+-------

Vault maps used:
D:1:      lemuel_arrival_lava_pool
D:3:      led_sif_book, nicolae_overflow_crystal_walls,
          chequers_temple_overflow_minitemple, cheibriados_altar_1,
          chequers_ecumenical_altar_simple
D:4:      first_ration, uniq_robin, uniq_grinder
D:5:      uniq_menkaure
D:6:      kennysheep_housing_project, kennysheep_little_box,
          minmay_temple_entry_mini_moons, minivault_14
D:7:      overflow_temple_1_default
D:8:      nicolae_overflow_hidden_temple, david_lair_shrubbed, grunt_livestock
D:9:      wad_arrow_thing, zin_academy, basic_altar
D:10:     david_orc_3
Lair:1:   grunt_megastairs_2, uniq_sonja

Table legend:
 A = Turns spent in this place as a percentage of turns spent in the entire game.
 B = Non-inter-level travel turns spent in this place as a percentage of non-inter-level travel turns spent in the entire game.
 C = Inter-level travel turns spent in this place as a percentage of turns spent in this place.
 D = Turns resting spent in this place as a percentage of non-inter-level travel turns spent in this place.
 E = Turns spent auto-exploring this place as a percentage of non-inter-level travel turns spent in this place.
 F = Non-inter-level travel turns spent in this place divided by the number of levels of this place that you've seen.
                   A       B       C       D       E      F
               +-------+-------+-------+-------+-------+----------------------
         Total | 100.0 | 100.0 |   4.9 |  12.2 |  60.3 | 770.7
       Dungeon |  90.3 |  89.8 |   5.4 |  10.9 |  62.9 | 830.7
          Lair |   7.0 |   7.3 |   0.1 |  32.4 |  52.1 | 676.0
         Abyss |   2.7 |   2.9 |   0.0 |   2.3 |   0.0 | 265.0
               +-------+-------+-------+-------+-------+----------------------

Table legend:
 A = Kills in this place as a percentage of kills in entire the game.
 B = Kills by you in this place as a percentage of kills by you in the entire game.
 C = Kills by friends in this place as a percentage of kills by friends in the entire game.
 D = Other kills in this place as a percentage of other kills in the entire game.
 E = Experience gained in this place as a percentage of experience gained in the entire game.
 F = Experience gained in this place divided by the number of levels of this place that you have seen.
                   A       B       C       D       E      F
               +-------+-------+-------+-------+-------+----------------------
         Total | 100.0 | 100.0 |   N/A |   N/A | 100.0 | 873.9
       Dungeon |  96.4 |  96.4 |   N/A |   N/A |  78.1 | 819.5
          Lair |   3.2 |   3.2 |   N/A |   N/A |  13.7 | 1435.0
         Abyss |   0.4 |   0.4 |   N/A |   N/A |   8.2 | 857.0
               +-------+-------+-------+-------+-------+----------------------
